 Dungeon Crawl Stone Soup version 0.29-a0-222-g5b244fca1f (webtiles) character file.

Game seed: 12245060923379506404

1290 enile the Skirmisher (level 8, -10/67 HPs)
             Began as a Demonspawn Venom Mage on Feb 27, 2022.
             Was an Initiate of Ashenzari.
             Mangled by a chaos spawn (14 damage)
             ... summoned by Xom
             ... on level 5 of the Dungeon.
             The game lasted 00:14:22 (7007 turns).

enile the Skirmisher (Demonspawn Venom Mage)        Turns: 7007, Time: 00:14:23

Health: -10/67     AC:  5    Str:  8    XL:     8   Next: 30%
Magic:  21/21      EV: 17    Int: 19    God:    Ashenzari [......]
Gold:   210        SH:  0    Dex: 14    Spells: 12/13 levels left

rFire   . . .      SeeInvis +   n - +8 lajatang "Moudeos" {protect, *Rage rElec rN++ SInv}
rCold   + . .      Faith    .   (shield currently unavailable)
rNeg    + + .      Spirit   .   h - +0 leather armour
rPois   .          Reflect  .   r - +1 helmet
rElec   +          Harm     .   (no cloak)
rCorr   .          Rampage  .   (no gloves)
Will    .....      Rage     20% (no boots)
Stlth   ++........              j - amulet of the acrobat
HPRegen 0.21/turn               b - ring of protection from cold
MPRegen 0.17/turn               D - ring of magical power

@: agile, about to teleport
A: spiny 1, condensation shield, weakness stinger 1
a: Renounce Religion, Curse Item


You were on level 5 of the Dungeon.
You worshipped Ashenzari.
Ashenzari was noncommittal.
You visited 2 branches of the dungeon, and saw 7 of its levels.

You collected 246 gold pieces.
You spent 36 gold pieces at shops.

Inventory:

Hand Weapons
 f - a +0 hand axe
 n - the +8 lajatang "Moudeos" (weapon) {protect, *Rage rElec rN++ SInv}
   (You acquired it on level 6 of the Dungeon)

   It grants its wielder temporary protection when it strikes (+7 to AC).
   rElec:     It insulates you from electricity.
   rN:        It greatly protects you from negative energy.
   SInv:      It lets you see invisible.
   *Rage:     It berserks you when you make melee attacks (+20% chance).
 s - a +0 flail
 B - a +1 scythe of chaos
 C - a +0 arbalest
 G - a +0 flail of draining
 I - a +0 halberd
Missiles
 E - a throwing net (quivered)
Armour
 a - a +0 robe
 h - a +0 leather armour (worn)
 r - a +1 helmet (worn)
 u - a +0 ring mail
 z - a +0 kite shield
Jewellery
 b - a ring of protection from cold (left hand)
 j - an amulet of the acrobat (around neck)
 k - a +6 ring of intelligence
 m - an amulet of guardian spirit
 p - an amulet of magic regeneration
 D - a ring of magical power (right hand)
 H - a ring of fire
Wands
 x - a wand of charming (5)
 y - a wand of iceblast (3)
Scrolls
 g - 3 scrolls of teleportation
 i - 2 scrolls of noise {unknown}
 l - a scroll of fog
 t - a scroll of silence
 w - a scroll of holy word {unknown}
 A - a scroll of identify
 F - a scroll of enchant armour {unknown}
 L - a scroll of amnesia {unknown}
Potions
 c - a potion of curing
 d - 5 potions of attraction
 e - a potion of heal wounds
 o - a potion of might {unknown}
 q - a potion of invisibility {unknown}
 v - a potion of degeneration {unknown}
 J - a potion of ambrosia {unknown}
 K - a potion of berserk rage {unknown}


   Skills:
 - Level 7.0 Fighting
 + Level 2.1 Polearms
 - Level 2.0 Armour
 - Level 3.0 Dodging
 - Level 3.0 Stealth
 - Level 3.0 Shields
 - Level 3.0 Spellcasting
 - Level 0.8 Transmutations
 - Level 3.0 Poison Magic
 - Level 2.0 Evocations


You had 12 spell levels left.
You knew the following spells:

 Your Spells              Type           Power      Damage    Failure   Level
a - Sting                 Tmut/Pois      40%        1d5       10%         1

Your spell library contained the following spells:

 Spells                   Type           Power      Damage    Failure   Level
 Poisonous Vapours        Pois/Air       16%        N/A       17%         2
 Wereblood                Tmut           6%         N/A       22%         2
 Spider Form              Tmut/Pois      10%        N/A       28%         3
 Ensorcelled Hibernation  Hex/Ice        4%         N/A       32%         2
 Sublimation of Blood     Necr           2%         N/A       32%         2
 Mephitic Cloud           Conj/Pois/Air  6%         N/A       38%         3
 Olgreb's Toxic Radiance  Pois           14%        N/A       52%         4
 Anguish                  Hex/Necr       1%         N/A       91%         4
 Summon Hydra             Summ           1%         N/A       100%        7


Dungeon Overview and Level Annotations

Branches:
Dungeon (6/15)             Temple (1/1) D:4

Altars:
Ashenzari
Cheibriados
Dithmenos
Elyvilon
Fedhas
Gozag
Hepliaklqana
Kikubaaqudgha
Nemelex Xobeh
Okawaru
Qazlal
Sif Muna
Trog
Uskayaw
Vehumet
Wu Jian
Xom
Yredelemnul
The Shining One

Shops:
D:1 ?   D:4 *

Annotations:
D:4 3 runed translucent doors, fragbeetle's ghost, amateur MiHu


Innate Abilities, Weirdness & Mutations

You are partially covered in sharp spines.
A meltable shield of frost defends you. (SH +0)
You have a small tail.


Message History

You feel agile all of a sudden.
You're too confused to move!
The ufetubus is struck by your spines.
You kill the ufetubus!
The ufetubus degenerates into a cloud of primal chaos!
The quasit is struck by your spines. The quasit misses you.
The quasit claws you. The quasit barely misses you.
The chaos spawn gores you but does no damage.
You bump into the rock wall.
The quasit misses you. The quasit barely misses you. The quasit misses you.
The chaos spawn hits you!
You are poisoned.
The chaos spawn poisons you!
You feel better. The quasit is struck by your spines.
You kill the quasit!
The quasit disappears in a puff of smoke!
The chaos spawn is struck by your spines.
The chaos spawn closely misses you.
Okay, then.
As you read the scroll of teleportation, it crumbles to dust.
You feel strangely unstable. The sun demon is struck by your spines.
The sun demon hits you.
You are engulfed in flames!
Your condensation shield dissipates!
The chaos spawn is struck by your spines.
The chaos spawn hits you!
You are engulfed in flames!
You feel much better. The sun demon hits you.
You are engulfed in flames!
The sun demon is struck by your spines. The sun demon barely misses you.
The chaos spawn is struck by your spines.
The chaos spawn completely misses you.
The chaos spawn is struck by your spines.
The chaos spawn misses you.
You barely miss the chaos spawn.
You tail-slap the chaos spawn, but do no damage.
The chaos spawn is moderately wounded.
The sun demon is struck by your spines. The sun demon hits you!
You are engulfed in flames!
* * * LOW HITPOINT WARNING * * *
The chaos spawn splatters into many small globs of multi-coloured light, then recombines.
The chaos spawn hits you!
* * * LOW HITPOINT WARNING * * *
The chaos spawn sears you!
You die...

####.................
#..†...............##
#)##......#........# ########
#.##......#........# .......#
#.##......#........# .......#
#.##).....#........## .......#
#.#########....>.....
.....>.######.#########........##
.......'......##@45.............#
.......#########3##############.#
...[...# #.#......<.....#.#
######## #.#..........#.#.#
#.#######......#.#
#..............#.#
#########.....##.# ########.#
#....


You could see a sun demon (summoned), a chaos spawn (summoned) and an ufetubus
(summoned).

Vanquished Creatures
  A troll (D:5)
  Sigmund (D:3)
  Eustachio (D:5)
  A centaur (D:6)
  A gnoll sergeant (D:2)
  A scorpion (D:5)
  A hound (D:4)
  3 jellies
  A gnoll shaman (D:5)
  10 gnolls
  4 adders
  A worm (D:2)
  A dart slug (D:3)
  An orc (D:6)
  4 endoplasms
  A giant cockroach (D:1)
  6 goblins
  8 hobgoblins
  6 jackals
  4 kobolds
  3 quokkas (D:2)
  4 ball pythons
  5 bats
  2 frilled lizards (D:2)
  5 rats (D:2)
76 creatures vanquished.

Vanquished Creatures (collateral kills)
  A phantom (D:6)
  A kobold brigand (D:6)
  A gnoll sergeant (D:3)
  Ijyb (D:3)
  An orc wizard (D:6)
  A gnoll (D:3)
  5 orcs
  2 kobolds (D:6)
13 creatures vanquished.

Vanquished Creatures (others)
  3 plants (D:1)
3 creatures vanquished.

Grand Total: 92 creatures vanquished

Notes
Turn   | Place    | Note
-------+----------+-------------------------------------------
     0 | D:1      | enile the Demonspawn Venom Mage began the quest for the
                  | Orb.
     0 | D:1      | Reached XP level 1. HP: 13/13 MP: 3/3
   161 | D:1      | Reached skill level 1 in Fighting
   642 | D:1      | Gained mutation: A meltable shield of frost defends you.
                  | (SH +0) [demonic ancestry]
   642 | D:1      | Reached XP level 2. HP: 22/22 MP: 1/5
   733 | D:1      | Found Xuvaem's Magic Scroll Emporium.
   776 | D:1      | Bought a scroll of teleportation for 36 gold pieces
   862 | D:1      | Reached skill level 2 in Fighting
  1063 | D:2      | Found an ornate altar of the Wu Jian Council.
  1193 | D:2      | Reached XP level 3. HP: 28/28 MP: 3/6
  1243 | D:2      | Found a faded altar of an unknown god.
  1286 | D:2      | Prayed at the altar of an unknown god.
  1286 | D:2      | Became a worshipper of Xom of Chaos
  1444 | D:2      | Reached skill level 3 in Fighting
  1848 | D:2      | Reached XP level 4. HP: 25/37 MP: 1/7
  1912 | D:2      | XOM: silly message
  1938 | D:2      | XOM: 2-stop teleportation journey
  2310 | D:2      | XOM: noise
  2338 | D:2      | XOM: noise
  2455 | D:2      | XOM: silly message
  2475 | D:3      | Noticed a gnoll sergeant
  2488 | D:2      | Killed a gnoll sergeant
  2489 | D:2      | Reached skill level 4 in Fighting
  2672 | D:2      | XOM: potion effect (berserk rage)
  2677 | D:2      | Gained mutation: You have a small tail. [demonic ancestry]
  2677 | D:2      | Reached XP level 5. HP: 27/42 MP: 8/8
  2938 | D:3      | Found a snail-covered altar of Cheibriados.
  2964 | D:3      | Noticed Sigmund
  2966 | D:3      | XOM: chaos upgrade
  2971 | D:3      | XOM: 1-stop teleportation journey
  3078 | D:3      | XOM: destruction
  3121 | D:3      | Reached skill level 5 in Fighting
  3122 | D:3      | Noticed Ijyb
  3127 | D:3      | Killed Ijyb
  3128 | D:3      | Reached XP level 6. HP: 30/51 MP: 9/9
  3245 | D:3      | XOM: divination: magic mapping
  3372 | D:3      | XOM: smoke on damage
  3502 | D:3      | Killed Sigmund
  3523 | D:3      | XOM: 1-stop teleportation journey
  3983 | D:4      | Found a staircase to the Ecumenical Temple.
  4118 | Temple   | Entered the Ecumenical Temple
  4263 | Temple   | Fell from the grace of Xom
  4263 | Temple   | Became a worshipper of Ashenzari the Shackled
  4436 | D:4      | Reached skill level 1 in Shields
  4441 | D:4      | Found an iron altar of Okawaru.
  4472 | D:4      | Gained mutation: You are partially covered in sharp spines.
                  | [demonic ancestry]
  4472 | D:4      | Reached XP level 7. HP: 56/56 MP: 11/11
  4616 | D:4      | XOM: summons 12 hostile demons
  4617 | D:4      | Noticed a sun demon
  4617 | D:4      | Noticed a sun demon
  4617 | D:4      | Noticed an orange demon
  4617 | D:4      | Noticed a neqoxec
  4617 | D:4      | Noticed a hellwing
  4617 | D:4      | Noticed a soul eater
  4798 | Temple   | XOM: draining
  4834 | D:5      | Entered Level 5 of the Dungeon
  4886 | D:5      | Noticed a troll
  4901 | D:5      | Killed a troll
  5230 | D:5      | Reached skill level 6 in Fighting
  5360 | D:5      | Reached skill level 1 in Armour
  5388 | D:6      | Found a stormy altar of Qazlal.
  5534 | D:6      | Reached XP level 8. HP: 32/65 MP: 12/12
  5605 | D:6      | Identified a scroll of acquirement
  5607 | D:6      | Acquired the +8 lajatang "Moudeos" {protect, *Rage rElec
                  | rN++ SInv}
  5617 | D:6      | XOM: summons 1 hostile shadow creature
  5631 | D:5      | XOM: confusion
  5912 | D:4      | Found Gyetiog's General Store.
  5976 | D:4      | Found a shadowy altar of Dithmenos.
  6406 | D:4      | Found a runed translucent gate.
  6406 | D:4      | Found a runed translucent gate.
  6407 | D:4      | Found a runed translucent gate.
  6416 | D:4      | Noticed fragbeetle's ghost (amateur MiHu)
  6746 | D:5      | Noticed Eustachio
  6758 | D:5      | Killed Eustachio
  6759 | D:5      | Reached skill level 7 in Fighting
  6820 | D:5      | Found a hide-covered altar of Uskayaw.
  6998 | D:5      | XOM: summons 5 hostile demons
  6999 | D:5      | Noticed a sun demon
  7007 | D:5      | Mangled by a chaos spawn

Illustrated notes

Levels and vault maps discovered:
D:1:      dpeg_arrival_shelter, layout_rooms, serial_shops, shop, serial_forest,
          infiniplex_forest_end_1, infiniplex_forest_clump_small,
          infiniplex_forest_end_2, infiniplex_forest_lined_3_way,
          infiniplex_forest_lined_ring, infiniplex_forest_end_3,
          infiniplex_forest_straight_1, infiniplex_forest_straight_3,
          infiniplex_forest_clump_long
D:2:      layout_loops_ring, basic_altar,
          shapermc_ecumenical_altar_starsandcircs, minmay_increasing_density
D:3:      layout_loops_ring, mainiacjoe_overflow_tiny_flanked, uniq_sigmund,
          uniq_ijyb
D:4:      layout_loops_corners, grunt_dithmenos_smoke, kennysheep_little_box,
          okawaru_trees_2, minmay_temple_entry_ruins, serial_co_window_serial,
          co_window_corner_a, co_window_paths_a, co_window_corner_a,
          co_window_paths_b, co_window_corner_a, co_window_of_opportunity_a,
          co_window_unsneaky_path_a, co_window_corner_b, co_window_paths_c,
          glass_columns_b, glass_columns_b, glass_columns_a, glass_columns_a,
          glass_columns_a, ebering_ghost_rock_garden, serial_shops, shop
D:5:      layout_basic, old_standard_altar, uniq_eustachio
D:6:      layout_rooms, mainiacjoe_overflow_alcove_1,
          chequers_ossuary_entry_cave, water_boxes_lemuel
Temple:   cyrus_circular_temple

Skill      XL: |  1  2  3  4  5  6  7  8 |
---------------+-------------------------+-----
Fighting       | 1 2 3 4 5 6 7 |  7.0
Dodging        | 2 3 |  3.0
Stealth        | 2 3 |  3.0
Evocations     | 2 |  2.0
Spellcasting   | 3 |  3.0
Shields        | 1 3 |  3.0
Armour         | 2 |  2.0
Polearms       | 2 |  2.1
Transmutations | |  0.8
Poison Magic   | |  3.0

Action                   |  1- 3 |  4- 6 |  7- 9 || total
-------------------------+-------+-------+-------++-------
Melee: Hand axe          |    64 |    11 |       ||    75
       Flail             |       |    15 |    20 ||    35
       Tailslap          |       |     7 |    10 ||    17
       Scythe            |       |    14 |     4 ||    18
       Lajatang          |       |       |    21 ||    21
 Fire: Arbalest          |       |     6 |       ||     6
Throw: Throwing net      |       |       |     3 ||     3
 Cast: Sting             |    47 |    39 |     7 ||    93
Evoke: Wand              |       |       |     3 ||     3
  Use: Scroll            |       |       |     8 ||     8
       Potion            |       |       |     5 ||     5
 Stab: Sleeping          |     2 |     5 |     3 ||    10
Armor: Robe              |     8 |       |       ||     8
       Leather armour    |    13 |     9 |    10 ||    32
Dodge: Dodged            |    57 |    44 |    57 ||   158
Block: Other             |    16 |    13 |     7 ||    36
       Kite shield       |       |       |    27 ||    27

Table legend: (Time is in decaauts)
 A = Elapsed time spent in this place.
 B = Non-inter-level travel time spent in this place.
 C = Inter-level travel time spent in this place.
 D = Time resting spent in this place.
 E = Time spent auto-exploring this place.
 F = Levels seen in this place.
 G = Mean time per level.
                   A        B        C        D        E       F      G
               +--------+--------+--------+--------+--------+-----+--------+
         Total |   7100 |   6579 |    521 |    379 |   5236 |   7 | 1014.3 |
       Dungeon |   6781 |   6273 |    508 |    379 |   4957 |   6 | 1130.2 |
        Temple |    318 |    305 |     13 |      0 |    279 |   1 |  318.0 |
               +--------+--------+--------+--------+--------+-----+--------+

Top non-repeatable levels by time:
     D:2: 1955 daAuts
     D:5: 1259 daAuts
     D:4: 1221 daAuts
     D:1: 1074 daAuts
     D:3: 1024 daAuts
  Temple: 318 daAuts
     D:6: 245 daAuts
